 Dungeon Crawl Stone Soup version 0.30-a0-782-ge64f9170bb (webtiles) character file.

Game seed: 11539653274315374537

592837 Leeroy the Swordfish (level 27, -16/209 (249) HPs)
             Began as a Merfolk Gladiator on Feb 24, 2023.
             Was the Champion of Wu Jian.
             Killed from afar by a yellow draconian annihilator (84 damage)
             ... with a crystal spear
             ... on level 1 of the Realm of Zot.
             The game lasted 02:55:05 (74645 turns).

Leeroy the Swordfish (Merfolk Gladiator)           Turns: 74645, Time: 02:55:05

HP:   -16/209 (249) AC: 13    Str: 13    XL:     27
MP:   33/46         EV: 55    Int: 21    God:    Wu Jian [******]
Gold: 4256          SH:  0    Dex: 41    Spells: 17/55 levels left

rFire   . . .      SeeInvis +    i - +9 triple sword (heavy)
rCold   + . .      Faith    .    (shield currently unavailable)
rNeg    . . .      Spirit   .    S - +5 robe of Night {Dark Will+ SInv}
rPois   +          Reflect  .    o - +2 helmet {Int+3}
rElec   .          Harm     .    I - +1 cloak
rCorr   .          Rampage  .    K - +2 pair of gloves {infuse}
Will    +++..                    O - +1 pair of boots of Cuhon {rPois Int+2 Dex+3}
Stlth   +++++                    V - amulet "Itomawot" {*Corrode Regen+ Str-3 Int+10}
HPRegen 1.34/turn                Z - ring "Jutisepn" {Fly rC+ MP+9 Int-2 Dex+5}
MPRegen 0.30/turn                Q - +6 ring of dexterity

@: corroded, flying, slowed, studying 3 skills, heavily drained, very slow
A: (nimble swimmer 2), mertail, low MP 1
}: 3/15 runes: decaying, serpentine, silver
a: Renounce Religion, Wall Jump, Serpent's Lash, Heavenly Storm


You were on level 1 of the Realm of Zot.
You worshipped Wu Jian.
Wu Jian was exalted by your worship.
You visited 16 branches of the dungeon, and saw 58 of its levels.
You also visited: Volcano and Wizlab.

You collected 7160 gold pieces.
You spent 2904 gold pieces at shops.

Inventory:

Hand Weapons
 h - the +7 falchion of the Shifting Eel {spect, rPois Str+3 Dex+3}
   (You found it on level 1 of the Crypt)

   Str:       It affects your strength (+3).
   Dex:       It affects your dexterity (+3).
   rPois:     It protects you from poison.
 i - a +9 heavy triple sword (weapon)
 m - the +9 scimitar "Iqeidiacyb" {flame, *Slow rElec rC+ Int+3}
   (You found it on level 2 of the Orcish Mines)

   Int:       It affects your intelligence (+3).
   rC:        It protects you from cold.
   rElec:     It insulates you from electricity.
   *Slow:     It may slow you when you take damage.
 s - the +9 staff of Wucad Mu {*channel}
   (You found it in a wizard's laboratory)

   *Channel:  It occasionally powers its wielder's spells, but with a chance of
   causing confusion or draining the wielder's intelligence.
   It becomes more likely to activate and less likely to backfire with increased
   Evocations skill.
 v - the +8 whip "Snakebite" {venom, curare, rPois}
   (You found it on level 4 of the Vaults)

   rPois:     It protects you from poison.
 L - the +8 Vampire's Tooth {megavamp}
   (You found it on level 3 of the Crypt)
Missiles
 d - 2 throwing nets
 e - 5 silver javelins
 M - 17 curare-tipped darts (quivered)
Armour
 a - the +1 robe of Eternal Night {rF+ rN+ Int+6}
   (You bought it in a shop on level 9 of the Dungeon)

   Int:       It affects your intelligence (+6).
   rF:        It protects you from fire.
   rN:        It protects you from negative energy.
 o - a +2 helmet of intelligence (worn)
 y - a +2 pair of boots of flying
 I - a +1 cloak (worn)
 K - a +2 pair of gloves of infusion (worn)
 O - the +1 pair of boots of Cuhon (worn) {rPois Int+2 Dex+3}
   (You found it on level 2 of the Elven Halls)

   Int:       It affects your intelligence (+2).
   Dex:       It affects your dexterity (+3).
   rPois:     It protects you from poison.
 S - the +5 robe of Night (worn) {Dark Will+ SInv}
   (You found it on level 11 of the Dungeon)

   Dark:      It shrouds the wearer in darkness, reducing the range at which
   they can see and be seen by others.
   SInv:      It lets you see invisible.
   Will:      It increases your willpower.
Jewellery
 c - a ring of positive energy
 k - an amulet of regeneration
 H - the ring "Ogyuk" {Ice rN+ Will+ Str+3}
   (You acquired it on level 2 of the Vaults)

   [ring of ice]

   It enhances your ice magic.
   Str:       It affects your strength (+3).
   rF:        It makes you vulnerable to fire.
   rC:        It protects you from cold.
   rN:        It protects you from negative energy.
   Will:      It increases your willpower.
 Q - a +6 ring of dexterity (right hand)
 V - the amulet "Itomawot" (around neck) {*Corrode Regen+ Str-3 Int+10}
   (You took it off a deep elf pyromancer on level 9 of the Dungeon)

   [amulet of regeneration]

   Str:       It affects your strength (-3).
   Int:       It affects your intelligence (+10).
   Regen:     It increases your rate of health regeneration.
   *Corrode:  It may corrode you when you take damage.
 W - a ring of protection from fire
 Z - the ring "Jutisepn" (left hand) {Fly rC+ MP+9 Int-2 Dex+5}
   (You took it off a deep elf high priest on level 5 of the Vaults)

   [ring of flight]

   Int:       It affects your intelligence (-2).
   Dex:       It affects your dexterity (+5).
   rC:        It protects you from cold.
   MP:        It affects your magic capacity (+9).
   Fly:       It grants you flight.
Wands
 b - a wand of flame (110)
 j - a wand of mindburst (21)
 l - a wand of acid (37)
 w - a wand of iceblast (40)
 E - a wand of polymorph (2)
 P - a wand of paralysis (42)
 R - a wand of digging (51)
Scrolls
 u - 7 scrolls of fog
 x - 5 scrolls of blinking
 F - a scroll of magic mapping
 G - 7 scrolls of fear
 T - 9 scrolls of poison
 X - 11 scrolls of teleportation
Potions
 f - a potion of heal wounds
 g - 14 potions of haste
 n - 5 potions of invisibility
 p - 9 potions of mutation
 t - 5 potions of magic
 z - 3 potions of resistance
 A - 23 potions of curing
 B - 10 potions of attraction
 C - 9 potions of brilliance
 D - 8 potions of lignification
 J - 8 potions of berserk rage
 N - 11 potions of ambrosia
 U - 10 potions of might
 Y - 2 potions of cancellation
Miscellaneous
 r - a phial of floods


   Skills:
 O Level 27 Fighting
 - Level 2.6(18.2) Short Blades
 O Level 27 Long Blades
 - Level 2.0 Throwing
 - Level 2.1 Armour
 O Level 27 Dodging
 - Level 6.3 Stealth
 - Level 14.6 Spellcasting
 + Level 16.9 Translocations
 - Level 8.0 Transmutations
 - Level 5.8 Air Magic
 - Level 0.1 Poison Magic
 - Level 8.0 Evocations


You had 17 spell levels left.
You knew the following spells:

 Your Spells              Type           Power      Damage    Failure   Level
a - Blink                 Tloc           100%       N/A       0%          2
b - Manifold Assault      Tloc           72%        N/A       1%          4
c - Swiftness             Air            39%        N/A       1%          3
d - Dispersal             Tloc           36%        N/A       1%          6
e - Lesser Beckoning      Tloc           100%       N/A       0%          2
f - Passage of Golubria   Tloc           72%        N/A       1%          4
g - Kindle Blastsparks    Fire/Tloc/Air  94%        2d17      1%          3
h - Iskenderun's Mystic   Conj/Tloc      50%        2d11      1%          4
i - Summon Forest         Summ/Tloc      25%        N/A       3%          5
j - Vhi's Electric Charg  Tloc/Air       100%       N/A       1%          3
k - Wereblood             Tmut           49%        N/A       1%          2

Your spell library contained the following spells:

 Spells                   Type           Power      Damage    Failure   Level
 Apportation              Tloc           100%       N/A       0%          1
 Gell's Gravitas          Tloc           72%        N/A       0%          3
 Teleport Other           Tloc           72%        N/A       0%          3
 Shock                    Conj/Air       100%       1d9       1%          1
 Sting                    Tmut/Pois      100%       1d8       1%          1
 Momentum Strike          Conj/Tloc      100%       3d10      1%          2
 Passwall                 Tmut/Erth      26%        N/A       1%          2
 Poisonous Vapours        Pois/Air       56%        N/A       1%          2
 Static Discharge         Conj/Air       54%        2-5/arc   1%          2
 Portal Projectile        Hex/Tloc       100%       N/A       1%          3
 Cigotuvi's Dreadful Rot  Necr/Pois/Air  46%        N/A       2%          2
 Spider Form              Tmut/Pois      32%        N/A       2%          3
 Airstrike                Air            19%        2d(3-19)  3%          4
 Foxfire                  Conj/Fire      60%        2x1d7     4%          1
 Kiss of Death            Conj/Necr      60%        2d10      4%          1
 Magic Dart               Conj           60%        1d6       4%          1
 Necrotise                Necr           60%        1d7       4%          1
 Sandblast                Erth           30%        2d9       4%          1
 Summon Small Mammal      Summ           60%        N/A       4%          1
 Ignite Poison            Fire/Tmut/Pois 26%        N/A       4%          3
 Blade Hands              Tmut           24%        N/A       4%          5
 Mephitic Cloud           Conj/Pois/Air  23%        N/A       5%          3
 Call Imp                 Summ           15%        N/A       6%          2
 Ensorcelled Hibernation  Hex/Ice        30%        N/A       6%          2
 Scorch                   Fire           30%        2d6       6%          2
 Sublimation of Blood     Necr           15%        N/A       6%          2
 Call Canine Familiar     Summ           15%        N/A       12%         3
 Confusing Touch          Hex            15%        N/A       12%         3
 Inner Flame              Hex/Fire       15%        N/A       12%         3
 Stone Arrow              Conj/Erth      30%        3d8       12%         3
 Summon Guardian Golem    Hex/Summ       15%        N/A       12%         3
 Tukima's Dance           Hex            15%        N/A       12%         3
 Vampiric Draining        Necr           15%        2d7       12%         3
 Summon Lightning Spire   Summ/Air       27%        N/A       12%         4
 Alistair's Intoxication  Tmut/Pois      21%        N/A       21%         5
 Arcjolt                  Conj/Air       13%        1d23      32%         5
 Lightning Bolt           Conj/Air       13%        1d27      32%         5
 Silence                  Hex/Air        13%        N/A       32%         5
 Anguish                  Hex/Necr       7%         N/A       36%         4
 Animate Armour           Summ/Erth      30%        N/A       36%         4
 Animate Dead             Necr           15%        N/A       36%         4
 Cause Fear               Hex            7%         N/A       36%         4
 Dispel Undead            Necr           15%        3d10      36%         4
 Flame Wave               Conj/Fire      15%        2d7       36%         4
 Fulminant Prism          Conj/Hex       7%         3d7       36%         4
 Leda's Liquefaction      Hex/Erth       7%         N/A       36%         4
 Sticky Flame             Conj/Fire      15%        2d4       36%         4
 Freezing Cloud           Conj/Ice/Air   11%        6-21      45%         5
 Malign Gateway           Summ/Tloc      25%        N/A       71%         7
 Agony                    Necr           15%        N/A       73%         5
 Borgnjor's Vile Clutch   Necr/Erth      7%         N/A       73%         5
 Fireball                 Conj/Fire      7%         3d5       73%         5
 Lee's Rapid Deconstruct  Erth           7%         3d7*      73%         5
 Summon Mana Viper        Hex/Summ       15%        N/A       73%         5
 Eringya's Noxious Bog    Tmut/Pois      16%        N/A       75%         6
 Statue Form              Tmut/Erth      21%        N/A       75%         6
 Storm Form               Tmut/Air       22%        N/A       89%         7
 Iron Shot                Conj/Erth      7%         9d2       99%         6
 Starburst                Conj/Fire      7%         6d4       99%         6
 Summon Cactus Giant      Summ           7%         N/A       99%         6
 Orb of Destruction       Conj           7%         9d6       100%        7
 Spellforged Servitor     Conj/Summ      7%         N/A       100%        7
 Summon Hydra             Summ           7%         N/A       100%        7
 Discord                  Hex            7%         N/A       100%        8
 Ignition                 Fire           7%         3d5       100%        8
 Lehudib's Crystal Spear  Conj/Erth      7%         10d3      100%        8
 Summon Horrible Things   Summ           7%         N/A       100%        8
 Fire Storm               Conj/Fire      7%         8d2       100%        9


Dungeon Overview and Level Annotations

Branches:
Dungeon (15/15)            Temple (1/1) D:4            Lair (5/5) D:9
  Swamp (4/4) Lair:2        Snake (4/4) Lair:2        Slime (1/5) Lair:4
    Orc (2/2) D:10            Elf (3/3) Orc:2        Vaults (5/5) D:13
  Crypt (3/3) Vaults:2       Tomb (1/3) Crypt:3      Depths (4/4) D:15
   Hell (visited)             Dis (4/7) Hell            Geh (0/7) Hell
    Coc (0/7) Hell            Tar (5/7) Hell            Zot (1/5) Depths:4
Volcano (visited)          WizLab (visited)

Altars:
Ashenzari
Cheibriados
Dithmenos
Elyvilon
Fedhas
Gozag
Hepliaklqana
Kikubaaqudgha
Makhleb
Nemelex Xobeh
Okawaru
Qazlal
Ru
Sif Muna
Trog
Uskayaw
Vehumet
Wu Jian
Xom
Yredelemnul
Zin
The Shining One
Lugonu

Shops:
D:2 (   D:3 *   D:4 (   D:8 =   D:9 ([?(   Orc:2 (*[([[*[   Elf:1 *   Snake:2 *
Vaults:1 ?   Vaults:3 (   Vaults:4 !

Portals:
Hell: Depths:1 Depths:2 Depths:3 Depths:4
Abyss: D:7 Depths:3
Pandemonium: Depths:2
Ziggurat: Depths:3
Trove: D:11 (give horn of Geryon)

Annotations:
D:7 2 runed translucent doors
D:9 2 runed translucent doors
Lair:4 exclusion: 2 oklob plants
Snake:1 Roxanne
Vaults:3 1 transporter


Innate Abilities, Weirdness & Mutations

((You are very nimble when in or above water. (Stealth+, EV+, Speed+++)))
Your lower body shifts to a powerful aquatic tail in water.
Your magical capacity is low. (-10% MP)


Message History

You spin and attack the white draconian.
You chop the white draconian into pieces!!!!!
You kill the white draconian!
The Council accepts your kill.
You spin and attack the white draconian stormcaller.
You hit the white draconian stormcaller.
The white draconian stormcaller is lightly wounded.
The white draconian stormcaller completely misses you.
The black draconian knight gestures wildly while chanting.
The black draconian knight flickers and vanishes for a moment.
The purple draconian shifter gestures wildly while chanting.
The purple draconian shifter blinks!
The death cob completely misses you.
You see here 6 stones.
You spin and attack the white draconian stormcaller.
You chop the white draconian stormcaller into pieces!!!
The white draconian stormcaller is severely wounded.
You spin and attack the red draconian.
You carve the red draconian like a ham!!!!
The red draconian is almost dead.
The death cob completely misses you. The death cob hits you!!
The death cob drains your vigour!
You feel as though you will be slow longer.
The red draconian breathes fire at you. The searing blast misses you.
The white draconian stormcaller completely misses you.
The death cob completely misses you.
The white draconian stormcaller invokes the aid of Qazlal against you.
Qazlal smites you!
The yellow draconian annihilator mumbles some strange words.
The yellow draconian annihilator blinks!
You spin and attack the purple draconian shifter.
You carve the purple draconian shifter like a ham!!!
The purple draconian shifter is almost dead.
The death cob is engulfed in blazing flames.
The death cob completely misses you.
The death cob is engulfed in blazing flames.
The death cob misses you.
The yellow draconian annihilator gestures at you while chanting.
The crystal spear hits you!!!!
You die...

,,*,*,,,,,***,,,**,,,,,* *,,8*,*
,,,,,,,,,,*,,,,,**,,,,,****,,**,*
,,,,,,,,,,,,,,,,,,,,,,,,,,*,,*,,,
,**,*,,*....#*****,,,,,****,,*,,,
,,,,,,,,......,,,,,,,.,* *,,*,_,
***,**,#.....#****,,..,* *,,****
*##>##.#.#...######.##***********
,,...........)(z......,,,,,,,,,,,
###.##z#.#.q.q*q@.q...,,*,*,,,,,,
......d......dDd#.#.##*,*,*,,,~~,
....lqq.(#...q#...#,# *,*,*,,,~~,
,,..#ยง*###..X.#...#,***,*,,,,,~,,
**#.#dq)...........,,**,*,,,,,,,,
#.#d.###.........,,,,,,,,,,,~,,
#.#fq# ##...#.#.#**,*,*,,,,,,,,
###.#f.####z......# *,*,*,,,,,,,,
.....ffff.X...#.##* *,,,*,,,,,,,,


You could see an orb of fire, a tentacled monstrosity, 2 draconians, a golden
dragon, a yellow draconian, a red draconian (catching breath), a purple
draconian shifter, a death cob, a white draconian stormcaller and a yellow
draconian annihilator.

Vanquished Creatures
  5 dread liches
  3 ancient liches
  Mara (Swamp:3)
  Vashnia (Snake:4)
  A curse toe (Crypt:3)
  A golden dragon (Vaults:4)
  Geryon (Hell)
  Nikola (Swamp:1)
  9 bone dragons
  An electric golem (Zot:1)
  A Tzitzimitl (Tar:1)
  2 spectral shard shrikes
  5 tentacled monstrosities
  Jorgrun (Snake:1)
  A Hell Sentinel (Dis:2)
  3 doom hounds
  Mlioglotl (Snake:1)
  7 searing wretches
  6 liches
  5 titans
  Asterion (Depths:2)
  A quicksilver dragon (Depths:3)
  2 deep elf blademasters (Elf:3)
  13 ancient champions
  2 walking frostbound tomes (Depths:2)
  2 deep elf master archers (Elf:3)
  A death cob (Zot:1)
  5 sphinxes
  Donald (Crypt:2)
  Gastronok (Lair:2)
  5 tengu reavers
  5 shadow dragons
  2 fenstrider witches
  3 storm dragons (Vaults:5)
  6 nagarajas (Snake:4)
  The ghost of MCDelver the Warrior, a journeyman HOFi of Okawaru (Swamp:1)
  3 azure jellies
  9 frost giants
  6 fire giants
  A revenant (Crypt:2)
  8 deep elf sorcerers
  6 iron dragons
  17 vault wardens
  A ghost moth (shapeshifter) (Depths:1)
  2 spectral juggernauts (Tar:2)
  Aizul (Snake:2)
  Louise (Depths:3)
  A spectral caustic shrike (Tar:5)
  5 curse skulls
  2 quicksilver elementals (Dis:3)
  21 ironbound preservers
  A juggernaut zombie (Hell)
  4 orc warlords
  2 deep elf elementalists (Elf:3)
  10 ghouls
  A draconian annihilator (Depths:4)
  29 very ugly things
  A caustic shrike skeleton (Crypt:2)
  6 reapers
  2 spriggan defenders (Depths:2)
  15 stone giants
  A juggernaut skeleton (Depths:1)
  5 war gargoyles
  5 ironbound thunderhulks
  4 vampire knights
  Nessos (Lair:3)
  4 eleionomae
  The ghost of Angani the Destroyer, a journeyman DrNe of Cheibriados (Lair:2)
  An orange crystal statue (WizLab)
  3 purple draconians (Depths:4)
  2 white draconians (Zot:1)
  5 putrid mouths
  4 bunyips
  9 deep elf demonologists
  A lorocyproca (Hell)
  3 deep elf annihilators
  A yellow draconian (Depths:4)
  3 spark wasps (Depths:4)
  17 dire elephants
  3 iron golems
  10 deep elf death magi
  10 eidola
  3 mummy priests (Crypt:3)
  2 crystal guardians (Vaults:4)
  8 fire dragons
  14 jiangshi
  An entropy weaver (Vaults:1)
  6 ettins
  4 deep elf high priests
  11 yaktaur captains
  Josephine (Snake:1)
  8 great orbs of eyes
  A fenstrider witch zombie (Hell)
  5 spectral spriggans (Tar:2)
  3 peacekeepers
  A caustic shrike simulacrum (Depths:1)
  41 vault guards
  A kraken zombie (Hell)
  A quicksilver dragon skeleton (Crypt:2)
  2 salamander tyrants (Snake:4)
  2 ogre magi
  10 ice dragons
  4 spriggan air magi
  8 hydras
  2 ghost crabs
  A fenstrider witch skeleton (Crypt:2)
  A rakshasa (Depths:1)
  10 ironbound frosthearts
  9 anacondas
  19 centaur warriors
  28 dancing weapons
  10 two-headed ogres
  4 death knights
  9 alligators
  2 spectral stone giants
  3 hell hogs (Hell)
  2 stokers (Hell)
  5 boulder beetles
  8 vampire magi
  9 deep troll shamans
  13 deep troll earth magi
  4 spriggan berserkers
  12 naga warriors
  9 tengu warriors
  20 naga sharpshooters
  7 soul eaters
  4 orc high priests
  8 shock serpents
  2 spectral dire elephants
  24 deep elf knights
  17 hell knights
  A sun demon (Hell)
  6 shadow wraiths
  Nergalle (Lair:2)
  4 salamander mystics
  A spark wasp zombie (Hell)
  2 storm dragon zombies
  37 skeletal warriors
  2 golden dragon zombies (Hell)
  A spectral anaconda (Tar:2)
  A bunyip zombie (Hell)
  46 deep trolls
  4 glowing orange brains
  A goliath frog (Swamp:2)
  2 skysharks
  13 iron trolls
  A storm dragon skeleton (Crypt:3)
  2 orb spiders (shapeshifter) (Vaults:5)
  6 spriggan druids
  A sea snake (shapeshifter) (Vaults:3)
  A spectral bunyip (Tar:1)
  9 flayed ghosts
  7 naga ritualists
  14 deep elf archers
  An anaconda skeleton (Crypt:2)
  A spectral hydra (Tar:2)
  11 lindwurms
  3 bog bodies (Crypt:2)
  4 harpies (Vaults:1)
  5 swamp dragons
  A golden dragon skeleton (Depths:1)
  21 ironbound convokers
  A bunyip skeleton (Crypt:3)
  10 phantasmal warriors
  10 mana vipers
  32 deep elf zephyrmancers
  6 wizards
  9 necromancers
  2 stone giant zombies (Hell)
  2 frost giant zombies (Hell)
  36 deep elf pyromancers
  45 ugly things
  A mana viper (shapeshifter) (Vaults:5)
  A jorogumo zombie (Crypt:2)
  9 orc knights
  6 will-o-the-wisps
  A broodmother zombie (Crypt:2)
  6 orc sorcerers
  2 wolf spiders (Lair:5)
  A cyclops (shapeshifter) (Depths:2)
  6 cyclopes
  5 manticores
  3 spectral centaurs
  14 elephants
  13 salamanders
  38 black mambas
  An ice statue (Hell)
  2 dire elephant zombies
  19 naga magi
  4 gargoyles
  6 guardian serpents (Snake:4)
  8 rust devils (Hell)
  12 vault sentinels
  A storm dragon simulacrum (Crypt:3)
  2 hellions (Tar:1)
  A torpor snail (Lair:1)
  14 cane toads
  A cane toad (shapeshifter) (Elf:1)
  2 unseen horrors
  An alligator snapping turtle zombie (Hell)
  An unseen horror zombie (Crypt:1)
  2 dire elephant skeletons
  A komodo dragon (shapeshifter) (Vaults:5)
  An alligator snapping turtle skeleton (Crypt:3)
  8 komodo dragons
  2 efreet
  An anaconda simulacrum (Crypt:2)
  30 yaktaurs
  2 hydra zombies (Hell)
  8 freezing wraiths
  A spectral two-headed ogre (Tar:1)
  An ice devil (Hell)
  A bunyip simulacrum (Crypt:3)
  5 tengu conjurers
  A black draconian skeleton (Crypt:2)
  3 rime drakes
  A green draconian zombie (Crypt:3)
  2 tormentors
  11 guardian mummies
  4 polar bears
  3 meliai (Lair:4)
  A red devil (Hell)
  3 silent spectres
  8 trolls
  2 ettin zombies
  17 hornets
  A queen bee (Lair:4)
  13 tyrant leeches
  5 spectral harpies
  A tarantella (shapeshifter) (Vaults:5)
  A hydra skeleton (Hell)
  Prince Ribbit (D:5)
  2 harpy skeletons
  A moth of wrath zombie (Crypt:2)
  5 blink frogs
  A jumping spider (shapeshifter) (Vaults:4)
  A satyr zombie (Crypt:1)
  3 spriggan zombies (Hell)
  2 alligator zombies (Hell)
  54 slime creatures
  12 dream sheep
  4 air elementals
  2 black mamba zombies (Crypt:3)
  46 yaks
  4 shadows
  21 spriggans
  A satyr skeleton (Crypt:3)
  4 water elementals
  2 vampires
  6 wyverns
  17 wraiths
  A human (shapeshifter) (Vaults:5)
  An ettin skeleton (Crypt:1)
  5 ushabtiu (Crypt:3)
  2 black mamba skeletons (Crypt:2)
  5 fire elementals
  9 fire bats (Volcano)
  3 basilisks
  3 swamp worm simulacra (Swamp:4)
  Grum (D:10)
  11 redbacks
  5 steam dragons
  A glowing shapeshifter zombie (Hell)
  5 wargs
  14 swamp worms
  A swamp worm (shapeshifter) (Elf:2)
  3 naga zombies
  13 water moccasins
  A deep troll zombie (Crypt:3)
  38 nagas
  16 hydra simulacra
  2 acid dragons (D:12)
  2 floating eyes
  34 orc warriors
  9 black bears
  3 sky beasts
  8 boggarts
  7 ogres
  38 wolves
  A phantom (D:4)
  14 centaurs
  3 kobold brigands
  4 bullfrogs
  A salamander zombie (Crypt:3)
  3 necrophages (Crypt:2)
  A gnoll sergeant (D:9)
  2 scorpions
  2 draconian skeletons (Crypt:3)
  An earth elemental (Elf:1)
  A wyvern skeleton (Crypt:1)
  A naga simulacrum (Hell)
  13 wights
  44 killer bees
  A polar bear zombie (Crypt:2)
  7 howler monkeys
  13 lava snakes
  3 hounds
  A human skeleton (Crypt:1)
  2 human zombies (Crypt:1)
  16 orc priests
  6 jellies
  Crazy Yiuf (D:5)
  An iguana (D:3)
  Ijyb (D:5)
  27 orc wizards
  7 hell rats
  An acid dragon zombie (Crypt:1)
  6 tengu zombies
  An acid dragon skeleton (Crypt:1)
  A hound zombie (Crypt:3)
  8 mummies
  8 gnolls
  7 adders
  2 white imps
  2 ufetubi (D:5)
  5 swamp drake simulacra (Swamp:4)
  An iguana skeleton (Crypt:1)
  A worm (D:2)
  3 dart slugs
  89 orcs
  5 ball pythons
  6 bats
  5 endoplasms
  3 giant cockroaches
  9 goblins
  8 hobgoblins
  6 quokkas
  4 frilled lizards
  A gnoll skeleton (Crypt:1)
  13 kobolds
  8 rats
  A river rat zombie (Crypt:3)
  5 fire vortices (Hell)
2234 creatures vanquished.

Vanquished Creatures (others)
  A fire giant (Depths:3)
  A bunyip (Swamp:4)
  A centaur warrior (Vaults:3)
  An alligator (Swamp:1)
  A black mamba (Snake:3)
  A yaktaur (Vaults:3)
  A bloated husk (Swamp:3)
  An orc wizard (D:5)
  2 bushes
  24 foxfires
  42 fungi
  60 plants
136 creatures vanquished.

Grand Total: 2370 creatures vanquished

Notes
Turn   | Place    | Note
-------+----------+-------------------------------------------
     0 | D:1      | Leeroy the Merfolk Gladiator began the quest for the Orb.
     0 | D:1      | Reached XP level 1. HP: 16/16 MP: 1/1
   280 | D:1      | Reached XP level 2. HP: 22/22 MP: 2/2
   757 | D:2      | Reached XP level 3. HP: 21/27 MP: 3/3
   758 | D:2      | Reached skill level 5 in Long Blades
   910 | D:2      | Reached XP level 4. HP: 17/33 MP: 4/4
  1086 | D:2      | Found Xuattesue's Weapon Shoppe.
  1682 | D:3      | Found Diqoexir's Assorted Antiques.
  1887 | D:3      | Reached XP level 5. HP: 27/38 MP: 5/5
  2082 | D:3      | Found a shimmering altar of Xom.
  2237 | D:4      | Noticed a phantom
  2250 | D:4      | Killed a phantom
  2251 | D:4      | Reached XP level 6. HP: 40/44 MP: 6/6
  2487 | D:4      | Found a staircase to the Ecumenical Temple.
  2493 | Temple   | Entered the Ecumenical Temple
  2505 | Temple   | Became a worshipper of the Wu Jian Council
  2651 | D:4      | Found Omuddad's Weapon Boutique.
  3041 | D:5      | Entered Level 5 of the Dungeon
  3201 | D:5      | Noticed Ijyb
  3203 | D:5      | Paralysed by Ijyb for 5 turns
  3210 | D:5      | Paralysed by Ijyb for 5 turns
  3229 | D:5      | Killed Ijyb
  3230 | D:5      | Reached XP level 7. HP: 43/50 MP: 7/7
  3443 | D:5      | Noticed Prince Ribbit
  3489 | D:5      | Killed Prince Ribbit
  3490 | D:5      | Reached skill level 10 in Long Blades
  3712 | D:5      | Reached * piety under Wu Jian
  3817 | D:5      | Found a runed translucent door.
  3818 | D:5      | Noticed Crazy Yiuf
  4192 | D:5      | Killed Crazy Yiuf
  4193 | D:5      | Reached XP level 8. HP: 40/56 MP: 8/8
  4196 | D:5      | Identified the +12 hammer of Pestilence {heavy, Stlth+}
  5782 | D:7      | Reached XP level 9. HP: 26/61 MP: 9/9
  5968 | D:7      | Reached ** piety under Wu Jian
  6250 | D:7      | Found a glowing silver altar of Zin.
  6512 | D:7      | Found a shimmering blue altar of Sif Muna.
  6647 | D:7      | Found a large runed translucent door.
  6647 | D:7      | Found a large runed translucent door.
  6854 | D:7      | Found a one-way gate to the infinite horrors of the Abyss.
  6994 | D:7      | Found a corrupted altar of Lugonu.
  7128 | D:8      | Found a basalt altar of Yredelemnul.
  7129 | D:8      | Found a broken altar of Ashenzari.
  7129 | D:8      | Found a hazy altar of Hepliaklqana.
  7171 | D:8      | Noticed a hornet
  7182 | D:8      | Killed a hornet
  7183 | D:8      | Reached skill level 5 in Fighting
  7389 | D:8      | Noticed a two-headed ogre
  7428 | D:9      | Found Umiohius's Armour Emporium.
  7431 | D:9      | Bought the +1 robe of Eternal Night {rF+ rN+ Int+6} for 438
                  | gold pieces
  7436 | D:9      | Found a large runed translucent door.
  7436 | D:9      | Found a large runed translucent door.
  7459 | D:9      | Reached skill level 15 in Long Blades
  7465 | D:9      | Identified the amulet "Itomawot" {*Corrode Regen+ Str-3
                  | Int+10}
  7465 | D:9      | Noticed a deep elf pyromancer
  7473 | D:9      | Killed a deep elf pyromancer
  7474 | D:9      | Reached XP level 10. HP: 46/76 MP: 10/10
  7657 | D:9      | Noticed a two-headed ogre
  8044 | D:9      | Found a large runed translucent door.
  8044 | D:9      | Found a large runed translucent door.
  8051 | D:9      | Noticed a deep elf pyromancer
  8369 | D:9      | Reached skill level 5 in Dodging
  8369 | D:9      | Noticed a boulder beetle
  8380 | D:9      | Killed a boulder beetle
  8542 | D:9      | Reached *** piety under Wu Jian
  8773 | D:9      | Found Vawusch's Antique Weapon Emporium.
  8799 | D:9      | Noticed a deep elf pyromancer
  8799 | D:9      | Noticed a green ugly thing
  8811 | D:8      | Noticed a two-headed ogre
  8817 | D:9      | Noticed a centaur warrior
  8820 | D:10     | Entered Level 10 of the Dungeon
  8820 | D:10     | Noticed a centaur warrior
  8826 | D:10     | Killed a centaur warrior
  9047 | D:10     | Identified a scroll of acquirement
  9050 | D:10     | Acquired a +2 heavy triple sword
  9073 | D:10     | Reached skill level 10 in Dodging
  9128 | D:10     | Found a staircase to the Orcish Mines.
  9182 | D:10     | Reached XP level 11. HP: 72/81 MP: 11/11
  9948 | D:10     | Noticed Grum
 10228 | D:10     | Killed Grum
 10772 | D:9      | Found Fuohad's Magic Scroll Boutique.
 10787 | D:9      | Killed a centaur warrior
 10801 | D:9      | Killed a deep elf pyromancer
 10811 | D:9      | Bought 2 scrolls of identify for 56 gold pieces
 10815 | D:9      | Bought a scroll of identify for 28 gold pieces
 11129 | D:9      | Found a staircase to the Lair.
 11147 | D:9      | Killed a green ugly thing
 11197 | D:9      | Found a sparkling altar of Nemelex Xobeh.
 11287 | D:9      | Killed a two-headed ogre
 11287 | D:9      | Reached **** piety under Wu Jian
 11429 | D:9      | Reached skill level 15 in Dodging
 11613 | D:9      | Found Tihot's Weapon Shoppe.
 11800 | Lair:1   | Entered Level 1 of the Lair of Beasts
 12035 | Lair:1   | Reached XP level 12. HP: 88/88 MP: 12/12
 13684 | Lair:2   | Found a staircase to the Swamp.
 13709 | Lair:2   | Noticed a five-headed hydra
 14122 | Lair:3   | Noticed a six-headed hydra
 14207 | Lair:2   | Reached ***** piety under Wu Jian
 14626 | D:11     | Found a portal to a secret trove of treasure.
 14779 | D:11     | Reached XP level 13. HP: 86/93 MP: 13/13
 15098 | D:11     | Found the +5 robe of Night {Dark Will+ SInv}
 17636 | D:12     | Reached skill level 1 in Evocations
 18732 | D:13     | Noticed a vault guard
 18743 | D:13     | Killed a vault guard
 19039 | D:13     | Noticed a vault guard
 19398 | Orc:1    | Entered Level 1 of the Orcish Mines
 19654 | Orc:2    | Entered Level 2 of the Orcish Mines
 19654 | Orc:2    | Found a staircase to the Elven Halls.
 19710 | Orc:2    | Found Peov's Antique Weapon Shop.
 19717 | Orc:2    | Bought a smoking great sword for 448 gold pieces
 19717 | Orc:2    | Identified the +7 great sword of Massacring {heavy, rC+}
                  | (You bought it in a shop on level 2 of the Orcish Mines)
 19752 | Orc:2    | Reached XP level 14. HP: 32/100 MP: 14/14
 19958 | Orc:2    | Identified the +9 scimitar "Iqeidiacyb" {flame, *Slow rElec
                  | rC+ Int+3}
 19958 | Orc:2    | Noticed an orc warlord
 19977 | Orc:1    | Reached ****** piety under Wu Jian
 20156 | Orc:2    | Killed an orc warlord
 20469 | Orc:2    | Found Taserim's Assorted Antiques.
 20479 | Orc:2    | Bought a pair of glowing boots for 225 gold pieces
 20675 | Orc:2    | Found Roengudo's Antique Armour Emporium.
 20681 | Orc:2    | Bought a pair of glowing gloves for 217 gold pieces
 21003 | Orc:2    | Found Baeptuha's Antique Armour Emporium.
 21260 | Orc:2    | Found Xoamp's Antique Armour Shoppe.
 21624 | Orc:2    | Noticed an orc warlord
 21637 | Orc:2    | Found Harorph's General Store.
 22017 | Orc:2    | Killed an orc warlord
 22190 | Orc:2    | Found Ibuob's Antique Weapon Shoppe.
 22191 | Orc:2    | Found Oveys's Antique Armour Emporium.
 22205 | Orc:2    | Bought a pair of runed boots for 240 gold pieces
 23068 | D:8      | Found Qiqowum's Jewellery Shoppe.
 23606 | Lair:2   | Reached skill level 5 in Evocations
 23793 | Lair:2   | Found a staircase to the Snake Pit.
 24128 | Lair:2   | Noticed Gastronok
 24138 | Lair:2   | Killed Gastronok
 24233 | Lair:2   | Found a runed translucent door.
 24339 | Lair:2   | Noticed Nergalle
 24344 | Lair:2   | Killed Nergalle
 24631 | Lair:2   | Noticed Angani's ghost (journeyman DrNe)
 24638 | Lair:2   | Killed Angani's ghost
 24967 | Lair:3   | Noticed Nessos
 25349 | Lair:3   | Killed Nessos
 25350 | Lair:3   | Reached XP level 15. HP: 84/113 MP: 12/15
 25712 | Lair:4   | Found a staircase to the Slime Pits.
 25941 | Lair:4   | Identified the +6 arbalest of Veulan {drain, MP+9 Dex+4}
 26218 | Lair:4   | Found a shimmering altar of Xom.
 27451 | Lair:5   | Entered Level 5 of the Lair of Beasts
 27644 | Lair:5   | Acquired a manual of Fighting
 27899 | Lair:5   | Found a dark tunnel.
 27906 | Volcano  | Entered a volcano
 28231 | Volcano  | Reached skill level 10 in Fighting
 28377 | Volcano  | Found a radiant altar of Vehumet.
 29703 | Snake:1  | Entered Level 1 of the Snake Pit
 29845 | Snake:1  | Noticed Josephine
 29850 | Snake:1  | Killed Josephine
 29958 | Snake:1  | Identified Roxanne's Anthology of Terra Firma
 29958 | Snake:1  | Noticed Roxanne
 29999 | Snake:1  | Reached XP level 16. HP: 83/132 MP: 6/16
 30253 | Snake:1  | Noticed Mlioglotl
 30390 | Snake:1  | Reached skill level 15 in Fighting
 30628 | Snake:1  | Killed Mlioglotl
 30761 | Snake:1  | Noticed Jorgrun
 30868 | Swamp:1  | Entered Level 1 of the Swamp
 31053 | Swamp:1  | Found a runed translucent gate.
 31054 | Swamp:1  | Found a runed translucent gate.
 31056 | Swamp:1  | Found a runed translucent gate.
 31065 | Swamp:1  | Noticed MCDelver's ghost (journeyman HOFi)
 31181 | Swamp:1  | Noticed a fenstrider witch
 31185 | Swamp:1  | Killed a fenstrider witch
 31669 | Swamp:1  | Noticed Nikola
 31845 | Swamp:2  | Noticed a fenstrider witch
 31850 | Swamp:2  | Killed a fenstrider witch
 32986 | Swamp:3  | Noticed Mara
 33000 | Swamp:3  | Noticed Leeroy's illusion
 33099 | Swamp:3  | Noticed a tentacled monstrosity
 33220 | Swamp:1  | Killed Nikola
 33392 | Swamp:1  | Killed MCDelver's ghost
 33497 | Snake:1  | Killed Jorgrun
 34330 | Snake:2  | Found Jadaon's General Store.
 34336 | Snake:2  | Bought a potion of heal wounds for 65 gold pieces
 34336 | Snake:2  | Bought a scroll of enchant weapon for 97 gold pieces
 34461 | Snake:2  | Noticed Aizul
 34467 | Snake:2  | Killed Aizul
 34901 | Snake:2  | Reached XP level 17. HP: 145/145 MP: 14/17
 35271 | Snake:2  | Found a bloodstained altar of Trog.
 35985 | Snake:3  | Identified the +0 leather armour of Valaan {*Slow Int+3
                  | Stlth+}
 37025 | Snake:4  | Entered Level 4 of the Snake Pit
 37049 | Snake:4  | Found a shimmering altar of Xom.
 38159 | Snake:4  | Got a serpentine rune of Zot
 38447 | Snake:4  | Noticed Vashnia
 38452 | Snake:4  | Killed Vashnia
 38452 | Snake:4  | Reached XP level 18. HP: 119/152 MP: 10/18
 39597 | Swamp:3  | Killed a tentacled monstrosity
 39632 | Swamp:3  | Killed Mara
 40244 | Swamp:4  | Entered Level 4 of the Swamp
 41196 | Swamp:4  | Reached skill level 27 in Long Blades
 41307 | Swamp:4  | Got a decaying rune of Zot
 41495 | Slime:1  | Entered Level 1 of the Pits of Slime
 41498 | Slime:1  | Gained mutation: Your magical capacity is low. (-10% MP) [a
                  | shining eye]
 42413 | D:13     | Found a gate to the Vaults.
 43274 | D:14     | Identified the +3 rapier of Divine Subterfuge {drain, rN+
                  | Str+3}
 43315 | D:14     | Found a stormy altar of Qazlal.
 43536 | D:15     | Entered Level 15 of the Dungeon
 43796 | D:15     | Reached XP level 19. HP: 161/161 MP: 14/17
 44021 | D:15     | Found a staircase to the Depths.
 44799 | Depths:1 | Entered Level 1 of the Depths
 45499 | Depths:1 | Found a gateway to Hell.
 46366 | Vaults:1 | Entered Level 1 of the Vaults
 48180 | Vaults:1 | Reached skill level 27 in Dodging
 48193 | Vaults:1 | Reached XP level 20. HP: 166/171 MP: 0/18
 48565 | Vaults:1 | Found Geomyem's Magic Scroll Shoppe.
 48572 | Vaults:1 | Bought a scroll of blinking for 135 gold pieces
 48572 | Vaults:1 | Bought a scroll of fog for 72 gold pieces
 48572 | Vaults:1 | Bought a scroll of teleportation for 54 gold pieces
 48685 | Vaults:1 | Learned a level 2 spell: Blink
 49003 | Vaults:2 | Acquired the ring "Ogyuk" {Ice rN+ Will+ Str+3}
 49013 | Vaults:2 | Found a magical portal.
 49027 | WizLab   | Entered Wucad Mu's Monastery
 49843 | WizLab   | Found the +9 staff of Wucad Mu {*channel}
 50053 | WizLab   | Reached XP level 21. HP: 180/180 MP: 18/18
 51938 | Vaults:2 | Found a staircase to the Crypt.
 52694 | Vaults:3 | Found Ocanang's Antique Weapon Boutique.
 53362 | Vaults:3 | Reached XP level 22. HP: 59/196 MP: 1/19
 53408 | Vaults:3 | Found a transporter.
 53531 | Vaults:3 | Found a transporter.
 55031 | Vaults:4 | Found the +8 whip "Snakebite" {venom, curare, rPois}
 55491 | Vaults:4 | Found Riebif's Distillery.
 55496 | Vaults:4 | Bought a potion of curing for 42 gold pieces
 55496 | Vaults:4 | Bought a potion of curing for 42 gold pieces
 55496 | Vaults:4 | Bought a potion of haste for 140 gold pieces
 55496 | Vaults:4 | Bought a potion of haste for 140 gold pieces
 55635 | Vaults:4 | Noticed a golden dragon
 55653 | Vaults:4 | Killed a golden dragon
 55866 | Vaults:5 | Entered Level 5 of the Vaults
 56140 | Vaults:5 | Noticed a dread lich
 56165 | Vaults:5 | Killed a dread lich
 56169 | Vaults:5 | Noticed an ancient lich
 56183 | Vaults:5 | Noticed a dread lich
 56189 | Vaults:5 | Killed an ancient lich
 56194 | Vaults:5 | Killed a dread lich
 56195 | Vaults:5 | Reached XP level 23. HP: 99/213 MP: 0/20
 56266 | Vaults:5 | Identified the ring "Jutisepn" {Fly rC+ MP+9 Int-2 Dex+5}
 56286 | Vaults:5 | Noticed a dread lich
 56293 | Vaults:5 | Killed a dread lich
 56505 | Vaults:5 | Identified the +0 scale mail of Intuition {rPois rC+ rCorr
                  | Dex-2}
 56678 | Vaults:5 | Identified the +8 hand axe "Potyleah" {freeze, rC- Str-5
                  | Int+3 Dex+7}
 56724 | Vaults:5 | Got a silver rune of Zot
 56736 | Vaults:5 | Learned a level 4 spell: Manifold Assault
 56762 | Vaults:5 | Identified the +11 broad axe of Yeast {heavy, rPois rCorr
                  | Int-3}
 56905 | Vaults:5 | Identified the +7 trident of Hairy Judgement {protect,
                  | *Rage rElec rCorr Dex+2}
 56905 | Vaults:5 | Identified the ring of Ysib {*Slow rPois rN+ Str-3 Int+8}
 57212 | Vaults:5 | Reached skill level 27 in Fighting
 57217 | Vaults:5 | Reached skill level 1 in Spellcasting
 57511 | Vaults:5 | Identified the +6 hand crossbow of Fiocumih {freeze, Contam
                  | Str+3 Int+7}
 58060 | Crypt:1  | Entered Level 1 of the Crypt
 58334 | Crypt:1  | Identified the +7 falchion of the Shifting Eel {spect,
                  | rPois Str+3 Dex+3}
 58686 | Crypt:1  | Reached skill level 5 in Spellcasting
 59072 | Crypt:1  | You are sucked into a shaft and drop 1 floor!
 59255 | Crypt:2  | Reached XP level 24. HP: 227/227 MP: 2/31
 59494 | Crypt:2  | Reached skill level 5 in Translocations
 59795 | Crypt:2  | Noticed Donald
 59805 | Crypt:2  | Killed Donald
 60489 | Crypt:2  | Learned a level 3 spell: Swiftness
 60490 | Crypt:3  | Entered Level 3 of the Crypt
 60842 | Crypt:3  | Found a staircase to the Tomb.
 61248 | Crypt:3  | Reached skill level 10 in Translocations
 61455 | Crypt:3  | Identified the +1 morningstar of the Blue Skies {heavy,
                  | rPois Stlth+}
 61491 | Crypt:3  | Learned a level 6 spell: Dispersal
 61494 | Crypt:3  | Learned a level 2 spell: Lesser Beckoning
 61533 | Crypt:3  | Found a basalt altar of Yredelemnul.
 61533 | Crypt:3  | Noticed a curse toe
 61549 | Crypt:3  | Killed a curse toe
 61565 | Crypt:3  | Found an ancient bone altar of Kikubaaqudgha.
 61574 | Crypt:3  | Found the +8 Vampire's Tooth {megavamp}
 61576 | Crypt:3  | Identified the +0 ring mail of the Saviour {Int-2 Dex+3
                  | Slay+5}
 61589 | Crypt:3  | Identified the +11 quarterstaff of Texkohow {freeze, Contam
                  | Will++}
 61591 | Crypt:3  | Got Redeec's Second Course in Willworking
 61632 | Crypt:3  | Found the +8 lance "Wyrmbane" {slay drac, rPois rF+ rC+
                  | AC+3}
 62329 | Tomb:1   | Entered Level 1 of the Tomb of the Ancients
 62839 | Elf:1    | Entered Level 1 of the Elven Halls
 63073 | Elf:1    | Learned a level 4 spell: Passage of Golubria
 63077 | Elf:1    | Learned a level 3 spell: Kindle Blastsparks
 63261 | Elf:1    | You are sucked into a shaft and drop 1 floor!
 63263 | Elf:2    | Reached XP level 25. HP: 234/234 MP: 31/31
 63530 | Elf:2    | Found a runed translucent gate.
 63530 | Elf:2    | Found a runed translucent gate.
 63531 | Elf:2    | Found a runed translucent gate.
 63897 | Elf:2    | Identified the +1 pair of boots of Cuhon {rPois Int+2
                  | Dex+3}
 64060 | Elf:2    | Found a shimmering blue altar of Sif Muna.
 64448 | Elf:1    | Found Seorusu's Assorted Antiques.
 64458 | Elf:1    | Bought a potion of curing for 90 gold pieces
 64458 | Elf:1    | Bought a potion of heal wounds for 150 gold pieces
 64458 | Elf:1    | Bought a scroll of blinking for 225 gold pieces
 64634 | Elf:1    | Identified the +0 plate armour of the Flute {rF+ Regen+
                  | MP+9}
 65188 | Elf:3    | Entered Level 3 of the Elven Halls
 65471 | Elf:3    | Learned a level 4 spell: Iskenderun's Mystic Blast
 65933 | Elf:3    | Learned a level 5 spell: Summon Forest
 65942 | Elf:3    | Got the Elucidation of Effluvium
 65950 | Elf:3    | Identified the +0 helmet "Rucur" {rC+}
 65960 | Elf:3    | Learned a level 3 spell: Vhi's Electric Charge
 65968 | Elf:3    | Got Qohigan's Vademecum on Flammable Inhalation
 65986 | Elf:3    | Learned a level 2 spell: Wereblood
 66040 | Elf:3    | Reached skill level 1 in Stealth
 66102 | Elf:3    | Identified the +1 ring mail of Dishonesty {rElec Str-2
                  | Int+2}
 66236 | Elf:3    | Identified the +2 pair of boots of Autumn {Drain +Blink
                  | Str+2 Int+2}
 66259 | Elf:3    | Got the Incunable of Inhalation and Bedrock
 66261 | Elf:3    | Got the Annotations on the Evil Blaze
 66275 | Elf:3    | Identified the +0 hand axe of Articulation {freeze, rF++}
 66435 | Elf:3    | Reached skill level 5 in Stealth
 66638 | Elf:3    | Found a shimmering blue altar of Sif Muna.
 66984 | Elf:3    | Reached skill level 1 in Short Blades
 67477 | Depths:1 | Reached skill level 1 in Air Magic
 67969 | Depths:2 | Reached skill level 5 in Air Magic
 68029 | Depths:2 | Noticed Asterion
 68034 | Depths:2 | Killed Asterion
 68258 | Depths:2 | Reached XP level 26. HP: 179/242 MP: 31/31
 68580 | Depths:2 | Reached skill level 1 in Armour
 68693 | Depths:2 | Found a one-way gate leading to the halls of Pandemonium.
 68913 | Depths:3 | Noticed Louise
 68914 | Depths:3 | Killed Louise
 69552 | Depths:3 | Reached skill level 10 in Spellcasting
 69656 | Depths:3 | Found a one-way gateway to a ziggurat.
 69752 | Hell     | Entered the Vestibule of Hell
 69960 | Hell     | Noticed Geryon
 70146 | Hell     | Killed Geryon
 70175 | Hell     | Noticed an ancient lich
 70203 | Hell     | Killed an ancient lich
 70222 | Hell     | Found a gateway to the ashen valley of Gehenna.
 70439 | Hell     | Found a gateway to the freezing wastes of Cocytus.
 70550 | Hell     | Found a gateway to the decaying netherworld of Tartarus.
 70689 | Hell     | Found a gateway to the Iron City of Dis.
 70814 | Tar:1    | Entered Level 1 of Tartarus
 71369 | Tar:2    | Noticed an ancient lich
 71377 | Tar:2    | Killed an ancient lich
 71462 | Tar:2    | Reached skill level 1 in Transmutations
 71616 | Tar:3    | Reached XP level 27. HP: 217/249 MP: 37/37
 71740 | Tar:3    | You are sucked into a shaft and drop 2 floors!
 71740 | Tar:5    | Noticed a dread lich
 71741 | Tar:5    | Killed a dread lich
 71742 | Tar:5    | Reached skill level 5 in Transmutations
 72531 | Depths:3 | Identified the +1 dagger "Ocin" {heavy, rF+ rN+ Str+4}
 72660 | Depths:4 | Entered Level 4 of the Depths
 72691 | Depths:4 | Reached skill level 15 in Translocations
 72880 | Depths:4 | Found a gate to the Realm of Zot.
 72919 | Depths:4 | Found an opulent altar of Gozag.
 73909 | Dis:1    | Entered Level 1 of the Iron City of Dis
 73909 | Dis:1    | Noticed a dread lich
 73912 | Dis:1    | Killed a dread lich
 74546 | Zot:1    | Entered Level 1 of the Realm of Zot
 74630 | Zot:1    | Noticed an orb of fire
 74645 | Zot:1    | Killed from afar by a yellow draconian annihilator

Illustrated notes

Levels and vault maps discovered:
D:1:      mrwooster_arrival_statue, layout_loops_corners,
          wad_floor_pattern_untrapped
D:2:      layout_rooms, serial_shops, nicolae_shop_bloodbath_and_beyond
D:3:      layout_basic, xom_confusion_cloud, serial_shops,
          nicolae_shop_statue_plus
D:4:      layout_cave_pools, minmay_temple_entry_enclosed_plants, serial_shops,
          nicolae_shop_hallway_plus
D:5:      layout_loops_ring, uniq_prince_ribbit1, uniq_crazy_yiuf_cottage,
          uniq_ijyb
D:6:      layout_loops_corners
D:7:      due_chaos_kobolds, layout_basic, lemuel_blue_sif_altar,
          mainiacjoe_overflow_cross_hatched
D:8:      layout_loops_cross, chequers_temple_overflow_statue_of_worship,
          serial_shops, shop, wad_dig_loot
D:9:      minmay_bloctagon_deflated, layout_basic,
          nemelex_xobeh_ov_fountains_minmay, lair_entry_dummy, serial_shops,
          shop, nicolae_stop_n_shop_2, shop, shop, minmay_hollow_rounded_squares
D:10:     layout_stronghold, orc_0_dummy, uniq_grum
D:11:     layout_loops_ring, enter_trove_1, hellmonk_guarded_unrand_night
D:12:     layout_long_grid, kb_tengu_band
D:13:     layout_irregular_city, grunt_vaults_entry_fortified
D:14:     layout_basic, nicolae_qazlal_style_of_elements
D:15:     grunt_enter_depths_snipers, layout_gridville, nicolae_hexahallways
Temple:   minmay_freezing_vapour_temple
Lair:1:   layout_layer_cave, lemuel_fruit_fields, serial_bayou_shore_a,
          grunt_megastairs_4
Lair:2:   layout_chaotic_city, swamp_mist, guppyfry_snake_entry_island,
          ebering_ghost_reflecting_pool, st_stairs_3,
          infiniplex_staircase_pool_2, uniq_nergalle, uniq_gastronok
Lair:3:   layout_gridlike, uniq_nessos
Lair:4:   regret_index_harrowing_hell_hive, layout_loops_ring,
          minmay_slime_entry_pillars, basic_altar, lemuel_fruit_tree
Lair:5:   minmay_lair_end_enchanted_forest, layout_layer_cave,
          nicolae_volcano_entry_vermiform, nicolae_lair_run_with_the_wolves
Swamp:1:  layout_basic_swamp, ebering_ghost_rock_garden,
          evilmike_swamp_ruin_house_4, swamp_pool2, uniq_nikola
Swamp:2:  nicolae_swamp_long_stream, layout_falls_marsh,
          evilmike_swamp_ruin_house_1
Swamp:3:  layout_falls_marsh, nicolae_swamp_big_swirl, swamp_pool1,
          statue_in_the_mist_lemuel, uniq_mara
Swamp:4:  swamp_icy, layout_basic_swamp
Snake:1:  layout_gridlike, serial_bayou_shore_b, grunt_megastairs_2,
          uniq_jorgrun, uniq_mlioglotl, uniq_roxanne, uniq_josephine
Snake:2:  layout_basic, serial_shops, shop_statue, basic_altar, uniq_aizul
Snake:3:  layout_chambers
Snake:4:  grunt_snake_rune_serpentine_throne, layout_cave_town, basic_altar,
          nicolae_snake_snakewalk, uniq_vashnia
Slime:1:  layout_caves
Orc:1:    layout_caves, basic_altar, mines1_david
Orc:2:    grunt_orc_community_town_hall, layout_caves,
          grunt_orc_community_big_house_2, grunt_orc_community_big_house_2,
          grunt_orc_community_house_3, grunt_orc_community_house_2,
          grunt_orc_community_house_2, grunt_orc_community_house_1,
          grunt_orc_community_house_2, grunt_orc_community_house_1,
          serial_shops, shop, nicolae_shop_window_shopping,
          nicolae_shop_statue_plus, shop, elf_legates
Elf:1:    nicolae_elf_arrival_no_cutting_in_line, layout_geoelf_octagon,
          serial_shops, shop, hangedman_elven_crosses_minicolossus, drop_trap
Elf:2:    nicolae_elf_blades_crystal_corner, layout_geoelf_grid, basic_altar,
          abandoned_shop
Elf:3:    elf_hall_gauntlet_narrow, layout_onion_city, basic_altar
Vaults:1: ontoclasm_vaults_ring_large, vaults_mumra_hexcomb,
          hangedman_vaults_restitches, v_misc_14, ontoclasm_vaults_fire_temple,
          v_alt_pattern_1, vaults_room_boxed, hangedman_vaults_slither,
          vaults_dpeg_ring, nicolae_vaults_network_star,
          layout_vaults_maze_bifur, serial_shops, shop
Vaults:2: mu_enter_wizlab_1, nicolae_vaults_triangles,
          minmay_crypt_entry_simple_plaza, v_rooms_2, v_alt_pattern_5,
          nicolae_vaults_theta, vaults_dpeg_hooks, layout_vaults_omnigrid
Vaults:3: v_rooms_1, v_misc_17, nicolae_vaults_yaktaur_gun_rack,
          vaults_mumra_hex, gammafunk_dig_for_victory,
          hangedman_vaults_stitches, nicolae_vaults_twisting_passages,
          nicolae_vaults_little_squares_2, v_misc_11, v_misc_22,
          layout_vaults_omnibox, serial_shops, shop
Vaults:4: hangedman_vaults_corner, hangedman_vaults_slice,
          ontoclasm_vaults_ring_square, ontoclasm_vaults_ring_small,
          vaults_room_door_ring, ontoclasm_vaults_claustrophobia,
          dpeg_vaults_waves, ontoclasm_vaults_idyll, v_misc_25,
          nicolae_vaults_little_ls, ontoclasm_vaults_ring_square,
          vaults_room_hallway, layout_vaults_ring, serial_shops, shop
Vaults:5
Crypt:1:  layout_misc_corridors, grunt_ministairs_2, minivault_23,
          grunt_crypt_arrival_guarded_gate
Crypt:2:  layout_misc_corridors, corexii_leaking_fountain, grunt_megastairs_5,
          roderic_lattice_octagonal_star, uniq_donald
Crypt:3:  lightli_unholy_cathedral, layout_chaotic_city,
          tomb_entry_sphere_bobbens
Tomb:1
Depths:1: layout_honeycomb, hell_entry, minmay_mirror_moons_of_madness
Depths:2: hangedman_stitches_corridor, layout_cave_pools, grunt_metal_band,
          pan_entry, uniq_asterion
Depths:3: minmay_thinvault, layout_honeycomb, enter_ziggurat_e,
          hangedman_abyss_or_decor_lesser_grid, grunt_hell_entry_dis_old,
          nicolae_abyss_entry_one_way_or_another, minmay_staircase_bubble,
          firewood_loft, grunt_megastairs_3
Depths:4: evilmike_zot_entry_basic, layout_honeycomb,
          pf_vacation_house_of_asmodeus, grunt_gozag_statues
Hell
Dis:1:    layout_regular_city
Dis:2:    layout_overlapping_boxes
Dis:3:    layout_subdivisions
Dis:4:    layout_subdivisions, nicolae_dis_metal_dragon_surprise
Tar:1:    layout_cathedral_of_symmetry, nicolae_tar_cuneiform_not,
          nicolae_tar_grid_combs
Tar:2:    layout_honeycomb
Tar:3:    layout_cathedral_of_symmetry
Tar:5:    layout_cathedral_of_symmetry
Zot:1:    dreamdust_zin_vs_xom, layout_basic

Skill      XL: |  1  2  3  4  5  6  7  8  9 10 11 12 13 14 15 16 17 18 19 20 21 22 23 24 25 26 27 |
---------------+----------------------------------------------------------------------------------+-----
Long Blades    | 4 5 6 7 9 11 13 15 16 18 21 22 23 24 27 | 27.0
Fighting       | 6 9 13 16 17 18 19 22 25 27 | 27.0
Dodging        | 10 15 18 21 22 24 27 | 27.0
Evocations     | 1 8 |  8.0
Translocations | 4 12 14 16 | 16.9
Spellcasting   | 8 14 | 14.6
Stealth        | 6 |  6.3
Short Blades   | 2 |  2.6
Air Magic      | 5 |  5.8
Armour         | 2 |  2.1
Transmutations | 4 8 |  8.0
Throwing       | |  2.0
Poison Magic   | |  0.1

Action                     |  1- 3 |  4- 6 |  7- 9 | 10-12 | 13-15 | 16-18 | 19-21 | 22-24 | 25-27 || total
---------------------------+-------+-------+-------+-------+-------+-------+-------+-------+-------++-------
  Melee: Long sword        |    66 |   200 |   235 |       |       |       |       |       |       ||   501
         Punch             |       |     6 |     3 |       |       |     1 |       |       |       ||    10
         Short sword       |       |       |    52 |       |       |       |       |       |       ||    52
         Scimitar          |       |       |    20 |       |    19 |    21 |     4 |       |       ||    64
         Great sword       |       |       |    15 |   517 |   189 |       |       |       |       ||   721
         Tailslap          |       |       |       |     5 |     2 |       |       |       |       ||     7
         Triple sword      |       |       |       |       |   737 |   729 |   789 |  1013 |  1040 ||  4308
  Throw: Throwing net      |       |       |     2 |       |     1 |       |       |       |       ||     3
         Javelin           |       |       |     1 |       |       |       |       |       |       ||     1
         Dart              |       |       |       |     3 |     1 |       |       |       |       ||     4
   Cast: Blink             |       |       |       |       |       |       |       |     1 |     5 ||     6
         Manifold Assault  |       |       |       |       |       |       |       |     5 |     9 ||    14
         Vhi's Electric Ch |       |       |       |       |       |       |       |       |    14 ||    14
 Invoke: Serpent's Lash    |       |       |       |     1 |     4 |     6 |     7 |     6 |     5 ||    29
         Heavenly Storm    |       |       |       |       |       |       |     1 |     2 |     1 ||     4
Ability: Lunge             |       |     3 |    19 |    22 |   116 |    99 |    83 |   121 |   117 ||   580
         Whirlwind         |       |       |     2 |    61 |   210 |   195 |   342 |   366 |   315 ||  1491
         Wall Jump         |       |       |       |     2 |    11 |    11 |    24 |    11 |    18 ||    77
  Evoke: Wand              |       |       |       |     3 |     5 |       |     2 |       |     3 ||    13
    Use: Potion            |       |       |     7 |     2 |     2 |     4 |     3 |     4 |     5 ||    27
         Scroll            |       |       |       |    19 |    27 |    13 |     7 |     7 |    11 ||    84
   Stab: Sleeping          |     3 |     4 |       |       |    11 |    14 |    10 |     5 |    36 ||    83
         Held in net/web   |       |       |     1 |       |       |       |       |       |       ||     1
         Paralysed         |       |       |       |     2 |       |       |       |       |       ||     2
         Distracted        |       |       |       |     1 |     5 |     4 |     8 |    10 |    11 ||    39
 Armour: Leather armour    |    14 |    45 |    60 |   102 |     1 |       |       |       |       ||   222
         Robe              |       |       |       |       |   122 |    66 |    88 |    70 |    90 ||   436
  Dodge: Dodged            |    51 |   126 |   165 |   491 |   909 |   793 |  1030 |  1058 |  1389 ||  6012

Table legend: (Time is in decaauts)
 A = Elapsed time spent in this place.
 B = Non-inter-level travel time spent in this place.
 C = Inter-level travel time spent in this place.
 D = Time resting spent in this place.
 E = Time spent auto-exploring this place.
 F = Levels seen in this place.
 G = Mean time per level.
                   A        B        C        D        E       F      G
               +--------+--------+--------+--------+--------+-----+--------+
         Total |  74123 |  69629 |   4494 |  12820 |  43460 |  60 | 1235.4 |
       Dungeon |  20845 |  19304 |   1541 |   4624 |  11632 |  15 | 1389.7 |
        Temple |     17 |     17 |      0 |      0 |     10 |   1 |   17.0 |
          Lair |   9212 |   8650 |    562 |   1551 |   5676 |   5 | 1842.4 |
         Swamp |   4274 |   4117 |    157 |    997 |   2353 |   4 | 1068.5 |
     Snake Pit |   6996 |   6676 |    320 |   1059 |   4531 |   4 | 1749.0 |
    Slime Pits |      6 |      6 |      0 |      0 |      0 |   1 |    6.0 |
  Orcish Mines |   3264 |   3096 |    168 |    613 |   1714 |   2 | 1632.0 |
   Elven Halls |   4309 |   4064 |    245 |    785 |   2390 |   3 | 1436.3 |
        Vaults |  10654 |   9922 |    732 |   1683 |   6348 |   5 | 2130.8 |
         Crypt |   4476 |   4178 |    298 |    528 |   2706 |   3 | 1492.0 |
          Tomb |      1 |      1 |      0 |      0 |      0 |   1 |    1.0 |
        Depths |   5683 |   5425 |    258 |    197 |   4236 |   4 | 1420.8 |
          Hell |   1165 |   1027 |    138 |    292 |    446 |   1 | 1165.0 |
           Dis |    573 |    541 |     32 |    146 |    157 |   4 |  143.2 |
      Tartarus |    919 |    877 |     42 |    114 |    390 |   4 |  229.8 |
           Zot |    100 |    100 |      0 |      0 |     44 |   1 |  100.0 |
       Volcano |    507 |    507 |      0 |     72 |    312 |   1 |  507.0 |
        Wizlab |   1113 |   1113 |      0 |    157 |    512 |   1 | 1113.0 |
               +--------+--------+--------+--------+--------+-----+--------+

Top non-repeatable levels by time:
     D:9: 2754 daAuts
    D:11: 2617 daAuts
   Orc:2: 2596 daAuts
Vaults:1: 2569 daAuts
  Lair:1: 2287 daAuts
  Lair:4: 2259 daAuts
Vaults:3: 2234 daAuts
Vaults:2: 2223 daAuts
Vaults:4: 1986 daAuts
    D:10: 1957 daAuts
 Snake:4: 1953 daAuts
   Elf:3: 1875 daAuts
Depths:3: 1856 daAuts
 Snake:3: 1787 daAuts
 Crypt:3: 1731 daAuts
